 Dungeon Crawl Stone Soup version 0.26.1-2-gb8aa6d0cf2 (webtiles) character file.

Game seed: 923104978264942761

1346 Shungite the Basher (level 8, -7/49 HPs)
             Began as a Gargoyle Fighter on Mar 3, 2021.
             Was an Initiate of the Shining One.
             Killed from afar by a white imp (9 damage)
             ... with a puff of frost
             ... on level 6 of the Dungeon.
             The game lasted 00:08:12 (3715 turns).

Shungite the Basher (Gargoyle Fighter)              Turns: 3715, Time: 00:08:12

Health: -7/49      AC: 15    Str: 19    XL:     8   Next: 62%
Magic:  8/8        EV: 10    Int: 10    God:    the Shining One [......]
Gold:   222        SH:  0    Dex: 11    Spells: 7/7 levels left

rFire    . . .     SeeInvis .   p - +1 morningstar (vorpal)
rCold    . . .     Faith    .   (no shield)
rNeg     + . .     Spirit   .   b - +0 scale mail
rPois    ∞         Reflect  .   (no helmet)
rElec    +         Harm     .   m - +0 cloak
rCorr    .         Rampage  .   (no gloves)
Will     .....                  o - +0 pair of boots
Stlth    ..........             n - amulet of regeneration
HPRegen  0.56/turn              (no ring)
MPRegen  0.11/turn              (no ring)

@: mighty, glowing
A: negative energy resistance 1, electricity resistance, unbreathing,
petrification resistance, miasma immunity, AC +5
a: Renounce Religion


You were on level 6 of the Dungeon.
You worshipped the Shining One.
The Shining One was noncommittal.
You visited 2 branches of the dungeon, and saw 6 of its levels.

You collected 222 gold pieces.

Inventory:

Hand Weapons
 a - a +0 flail
 p - a +1 vorpal morningstar (weapon)
Armour
 b - a +0 scale mail (worn)
 m - a +0 cloak (worn)
 o - a +0 pair of boots (worn)
Jewellery
 n - an amulet of regeneration (around neck)
Scrolls
 c - 2 scrolls of identify
 g - 4 scrolls of remove curse
 r - a scroll of enchant weapon {unknown}
 t - a scroll of random uselessness {unknown}
Potions
 e - a potion of magic {unknown}
 f - a potion of mutation {unknown}
 h - a potion of lignification {unknown}
 i - 6 potions of heal wounds {unknown}
 j - a potion of berserk rage {unknown}
 k - a potion of attraction {unknown}
 l - 5 potions of degeneration {unknown}
 q - a potion of ambrosia {unknown}
 s - a potion of brilliance {unknown}
 u - a potion of curing {unknown}


   Skills:
 + Level 5.0 Fighting
 * Level 8.3(8.4) Maces & Flails
 + Level 1.3(5.4) Staves
 + Level 5.5 Armour
 + Level 2.1 Dodging
 - Level 3.2 Shields


You had 7 spell levels left.
You didn't know any spells.
Your spell library was empty.

Dungeon Overview and Level Annotations

Branches:
Dungeon (6/15)             Temple (1/1) D:6

Altars:
Ashenzari
Cheibriados
Dithmenos
Elyvilon
Fedhas
Gozag
Hepliaklqana
Kikubaaqudgha
Makhleb
Nemelex Xobeh
Okawaru
Qazlal
Ru
Sif Muna
Trog
Uskayaw
Vehumet
Wu Jian
Xom
Yredelemnul
Zin
The Shining One


Innate Abilities, Weirdness & Mutations

You are resistant to torment.
Your stone body is resilient. (AC +5)
You are immune to poison.
You resist negative energy. (rN+)
You are resistant to electric shocks. (rElec)
You can survive without breathing.
You are immune to petrification.
You are immune to miasma.


Message History

* * * LOW HITPOINT WARNING * * *
You puncture the orc!
You kill the orc!
The orc warrior hits you but does no damage.
Your Fighting skill increases to level 5!
You hit the orc warrior.
The orc warrior is almost dead.
The orc warrior hits you but does no damage.
You closely miss the orc warrior.
The orc warrior is almost dead.
The orc warrior hits you but does no damage.
You closely miss the orc warrior.
The orc warrior is almost dead.
The orc warrior hits you with a +0 flail.
* * * LOW HITPOINT WARNING * * *
You hit the orc warrior.
You kill the orc warrior!
The white imp gestures at you. The puff of frost hits you!
You die...

##................# .....
######............# ####.
##..##....##......# ....#+
'...##....##......# ....'.
##................# .....#.
##........##.....#########.....#.
##..##....##.....#......)......#.
##..##....##....)).5...........#.
..........#.....@#.......).....#+
##........######+#........####..
##........#...........#####
#.........#...........#
#.........#...........#
########'##...........#
..............##'###+##
..............#......#
..............#......# #......


You could see a white imp.

Vanquished Creatures
  Pikel (D:5)
  An orc warrior (D:6)
  A necrophage (D:6)
  An ice beast (D:6)
  An ogre (D:6)
  2 centaurs (D:6)
  A bullfrog (D:6)
  A scorpion (D:5)
  2 hounds
  An orc priest (D:6)
  An orc wizard (D:6)
  A centaur skeleton (D:5)
  An iguana (D:6)
  2 worker ants (D:5)
  A killer bee zombie (D:6)
  5 adders
  A white imp (D:5)
  An ooze (D:5)
  An adder zombie (D:5)
  A worm (D:2)
  A leopard gecko (D:5)
  11 orcs
  A ball python (D:1)
  5 bats (D:1)
  4 giant cockroaches
  4 goblins
  A hobgoblin (D:1)
  5 quokkas
  4 frilled lizards
  6 kobolds (D:1)
  2 quokka zombies (D:5)
  2 rats (D:1)
73 creatures vanquished.

Notes
Turn   | Place    | Note
-------+----------+-------------------------------------------
     0 | D:1      | Shungite the Gargoyle Fighter began the quest for the Orb.
     0 | D:1      | Reached XP level 1. HP: 14/14 MP: 1/1
   180 | D:1      | Reached XP level 2. HP: 18/19 MP: 2/2
   962 | D:2      | Reached XP level 3. HP: 24/24 MP: 3/3
   982 | D:2      | Reached skill level 3 in Maces & Flails
   993 | D:2      | You fall into a shaft and drop 2 floors!
   996 | D:4      | Got a brightly glowing quarterstaff
  1062 | D:4      | Identified the cursed +2 quarterstaff "Tiuwn" {venom, rN++
                  | Int+4} (You found it on level 4 of the Dungeon)
  1091 | D:4      | Reached XP level 4. HP: 29/29 MP: 4/4
  1897 | D:5      | Entered Level 5 of the Dungeon
  2054 | D:5      | Noticed Pikel
  2054 | D:5      | Noticed a lemure
  2054 | D:5      | Noticed a lemure
  2054 | D:5      | Noticed a lemure
  2054 | D:5      | Noticed a lemure
  2079 | D:5      | Killed Pikel
  2080 | D:5      | Reached skill level 5 in Maces & Flails
  2080 | D:5      | Reached skill level 1 in Staves
  2080 | D:5      | Reached skill level 1 in Dodging
  2080 | D:5      | Reached XP level 5. HP: 28/34 MP: 5/5
  2080 | D:5      | Reached XP level 6. HP: 32/39 MP: 6/6
  2080 | D:5      | Reached XP level 7. HP: 37/44 MP: 7/7
  2099 | D:5      | Reached skill level 6 in Maces & Flails
  2284 | D:5      | Found a burning altar of Makhleb.
  2289 | D:5      | Reached skill level 5 in Armour
  3087 | D:6      | Reached XP level 8. HP: 48/48 MP: 8/8
  3106 | D:6      | Reached skill level 7 in Maces & Flails
  3256 | D:6      | Found a staircase to the Ecumenical Temple.
  3290 | Temple   | Entered the Ecumenical Temple
  3363 | Temple   | Became a worshipper of the Shining One
  3449 | D:6      | Reached skill level 8 in Maces & Flails
  3710 | D:6      | HP: 1/48 [orc warrior/+0 flail (6)]
  3712 | D:6      | Reached skill level 5 in Fighting
  3715 | D:6      | Killed from afar by a white imp

Illustrated notes

Levels and vault maps discovered:
D:1:      dpeg_arrival_another_circle, layout_loops_ring, minmay_vboxes
D:2:      minmay_diamond_boxcup, layout_loops_cross
D:4:      layout_basic
D:5:      minmay_general_purpose_star, layout_gridville,
          makhleb_heckhound_becter, uniq_pikel
D:6:      layout_gridville, minmay_temple_entry_mist,
          minmay_misc_feat_four_crosses
Temple:   compressed_dpeg_circular_temple

Skill      XL: |  1  2  3  4  5  6  7  8 |
---------------+-------------------------+-----
Maces & Flails | 3 5 6 8 |  8.3
Armour         | 4 5 |  5.5
Fighting       | 4 5 |  5.0
Staves         | 1 |  1.3
Dodging        | 1 2 |  2.1
Shields        | |  3.2

Action                   |  1- 3 |  4- 6 |  7- 9 || total
-------------------------+-------+-------+-------++-------
Melee: Flail             |   109 |    23 |       ||   132
       Quarterstaff      |    11 |     9 |       ||    20
       Morningstar       |       |    25 |   167 ||   192
  Use: Scroll            |     3 |       |       ||     3
       Potion            |       |       |     1 ||     1
Armor: Scale mail        |    66 |    26 |   125 ||   217
Dodge: Dodged            |    45 |    28 |   100 ||   173
Block: Kite shield       |    70 |       |       ||    70
